 Dungeon Crawl Stone Soup version 0.29.1-14-g9c671dbff4 (webtiles) character file.

Game seed: 2422879387725719971

51 Gabide the Vexing (level 3, -1/24 HPs)
             Began as a Vampire Enchanter on Feb 12, 2023.
             Frozen to death by an endoplasm (3 damage)
             ... on level 2 of the Dungeon.
             The game lasted 00:03:38 (1471 turns).

Gabide the Vexing (Vampire Enchanter)               Turns: 1471, Time: 00:03:39

Health: -1/24      AC:  4    Str:  7    XL:     3   Next: 57%
Magic:  16/16      EV: 12    Int: 19    God:
Gold:   90         SH:  0    Dex: 14    Spells: 8/8 levels left

rFire   . . .      SeeInvis +   a - +1 dagger
rCold   . . .      Faith    .   (no shield)
rNeg    . . .      Spirit   .   i - +0 leather armour
rPois   .          Reflect  .   f - +0 helmet
rElec   .          Harm     .   (no cloak)
rCorr   .          Rampage  .   (no gloves)
Will    .....                   (no boots)
Stlth   ++........              (no amulet)
HPRegen 0.28/turn               d - ring of magical power
MPRegen 0.15/turn               (no ring)

@: healing quickly
A: alive, fangs 3, see invisible, vampiric 2
a: Exsanguinate


You were on level 2 of the Dungeon.
You visited 1 branch of the dungeon, and saw 2 of its levels.

You collected 90 gold pieces.

Inventory:

Hand Weapons
 a - a +1 dagger (weapon)
Armour
 f - a +0 helmet (worn)
 i - a +0 leather armour (worn)
 k - the +4 helmet of the Turtle {+Blink rF- Dex+3 Stlth+}
   (You found it on level 2 of the Dungeon)

   Dex:       It affects your dexterity (+3).
   rF:        It makes you vulnerable to fire.
   +Blink:    It lets you blink.
   Stlth:     It makes you more stealthy.
Jewellery
 d - a ring of magical power (left hand)
Scrolls
 b - a scroll of magic mapping {unknown}
 h - a scroll of immolation {unknown}
 j - 3 scrolls of identify {unknown}
 l - a scroll of amnesia {unknown}
 m - 2 scrolls of teleportation {unknown}
 n - a scroll of butterflies {unknown}
Potions
 c - 2 potions of invisibility
 e - a potion of brilliance {unknown}
 g - 2 potions of curing {unknown}


   Skills:
 - Level 1.1 Short Blades
 + Level 2.9 Dodging
 - Level 4.5 Stealth
 - Level 3.0 Spellcasting
 + Level 5.0 Hexes


You had 8 spell levels left.
You didn't know any spells.
Your spell library contained the following spells:

 Spells                   Type           Power      Damage    Failure   Level
 Confusing Touch          Hex            22%        N/A       9%          3
 Tukima's Dance           Hex            22%        N/A       9%          3
 Ensorcelled Hibernation  Hex/Ice        24%        N/A       12%         2
 Sting                    Tmut/Pois      8%         1d3       22%         1
 Dazzling Flash           Conj/Hex       24%        N/A       24%         3
 Poisonous Vapours        Pois/Air       4%         N/A       34%         2
 Gell's Gravitas          Tloc           2%         N/A       56%         3
 Teleport Other           Tloc           2%         N/A       56%         3
 Olgreb's Toxic Radiance  Pois           2%         N/A       92%         4
 Dispersal                Tloc           1%         N/A       100%        6


Dungeon Overview and Level Annotations

Branches:
Dungeon (2/15)

Altars:


Innate Abilities, Weirdness & Mutations

Your natural rate of healing is accelerated.
You have razor-sharp teeth.
You have supernaturally acute eyesight. (SInv)
You are afflicted with vampirism and can become a bat while bloodless.


Message History

No target in view!
You see here a giant cockroach corpse.
You open the door.
Found 3 stones.
There is an open door here.
You open the gate.
An orc comes into view. It is wielding a +0 dagger.
The orc shouts!
There is an open gate here.
An orc is nearby!
An orc is nearby!
An endoplasm and a kobold come into view.
The kobold is wielding a +2 whip of electrocution.
Found 4 stones.
The orc hits you but does no damage.
The endoplasm quivers.
The kobold shouts!
You hit the orc.
The orc is moderately wounded.
The orc hits you but does no damage.
You closely miss the orc. You bite the orc.
The orc is severely wounded.
The orc hits you with a +0 dagger.
You hit the orc.
You kill the orc!
You hit the endoplasm.
The endoplasm is lightly wounded.
The kobold hits you with a +2 whip of electrocution.
You are electrocuted!
Ouch! That really hurt!
* * * LOW HITPOINT WARNING * * *
The endoplasm closely misses you.
Okay, then.
You barely miss the kobold. The kobold completely misses you.
The endoplasm barely misses you.
You hit the kobold.
The kobold is moderately wounded.
The kobold closely misses you. The endoplasm freezes you.
You are frozen.
You die...

..~~...## .####
#..~~..8# ....
#..~...#### #..
#.~...'..# ######..
#.....'..####...##..
##.~...'.........##..
##..~?..#.........##..
##..~~..8#.........'...
#..~~J@.##..(......####
(..~~.K.###......(..#
.~~~...## #######...##
......# #..[...# .....#
#......# ...8#
.#######......# ++##
..............#
....###.......### .
#..........


You could see an endoplasm and a kobold.

Vanquished Creatures
  A dart slug (D:1)
  An orc (D:2)
  2 endoplasms
  4 giant cockroaches
  3 goblins (D:1)
  3 hobgoblins (D:1)
  6 jackals (D:1)
  5 quokkas
  2 ball pythons
  3 bats
  3 frilled lizards (D:1)
  4 kobolds
  4 rats (D:1)
41 creatures vanquished.

Notes
Turn   | Place    | Note
-------+----------+-------------------------------------------
     0 | D:1      | Gabide the Vampire Enchanter began the quest for the Orb.
     0 | D:1      | Reached XP level 1. HP: 13/13 MP: 3/3
   198 | D:1      | Reached XP level 2. HP: 19/19 MP: 5/5
   846 | D:1      | Gained mutation: You are afflicted with vampirism and can
                  | become a bat while bloodless. [Vampire growth]
   846 | D:1      | Reached XP level 3. HP: 24/24 MP: 7/7
  1334 | D:2      | Identified the +4 helmet of the Turtle {+Blink rF- Dex+3
                  | Stlth+}
  1368 | D:2      | Reached skill level 5 in Hexes
  1471 | D:2      | Frozen to death by an endoplasm

Illustrated notes

Levels and vault maps discovered:
D:1:      elethiomel_arrival_maze, layout_basic
D:2:      layout_basic, hangedman_glass_teeth, kennysheep_donut

Skill      XL: |  1  2  3 |
---------------+----------+-----
Spellcasting   | 3 |  3.0
Hexes          | 5 |  5.0
Short Blades   | |  1.1
Dodging        | |  2.9
Stealth        | |  4.5

Action                   || total
-------------------------++-------
Melee: Dagger            ||   122
       Bite              ||     8
 Stab: Sleeping          ||    12
       Distracted        ||     1
Armor: Robe              ||    20
       Leather armour    ||     9
Dodge: Dodged            ||    76
